Map: Sanctuary III LE

Players

Lambo - Winner!

  • Race: Zerg Zerg
  • Spawn Location: 1:00

LetaleX

  • Race: Protoss Protoss
  • League: Grandmaster
  • Spawn Location: 7:00

Event: HomeStory Cup XXIX

VOD

Have the link to the VOD?

Description

Time

  • Played on: July 4, 2026, 11:36 a.m.
  • Length: 9:47

All games in this series

Show
View Real Time Build Order
Export as new Build Order

Lambo Zerg - Winner!

Build Orders: Hatch First 

Get SALT Encoding   

  8  0:00  Drone  
  9  0:11  Drone  
  10  0:16  Drone  
  11  0:22  Drone  
  12  0:32  Overlord  
  12  0:38  Extractor  
  12  0:39  Drone  
  13  0:51  Drone  
  13  0:52  Drone  
  15  1:01  Drone  
  16  1:15  Hatchery  
  15  1:19  Drone  
  15  1:22  Drone  
  17  1:31  Drone  
  18  1:36  Extractor  
  17  1:40  Spawning Pool  
  17  1:45  Drone  
  17  1:51  Drone  
  18  2:02  Drone  
  19  2:10  Overlord  
  19  2:21  Drone  
  20  2:27  Queen x2  
  20  2:29  Drone  
  25  2:32  Zergling x2  
  26  2:38  Metabolic Boost  
  26  2:42  Zergling x2  
  27  2:45  Drone  
  27  2:49  Drone  
  30  2:51  Drone  
  30  3:00  Drone  
  30  3:01  Overlord  
  31  3:07  Drone  
  32  3:16  Hatchery  
  31  3:21  Drone  
  31  3:22  Zergling x2  
  33  3:28  Drone  
  33  3:30  Queen  
  36  3:37  Overlord  
  36  3:39  Zergling x2  
  37  3:46  Drone x2  
  37  3:47  Drone  
  40  3:51  Overlord  
  40  4:01  Queen  
  41  4:07  Zergling x4, Queen  
  41  4:08  Overlord  
  41  4:09  Drone  
  46  4:10  Drone  
  46  4:12  Drone  
  46  4:16  Spore Crawler  
  46  4:17  Zergling x2  
  46  4:19  Drone  
  46  4:24  Drone x3  
  51  4:27  Drone x2  
  51  4:31  Drone x2  
  55  4:33  Drone  
  57  4:38  Drone x2  
  57  4:40  Evolution Chamber  
  57  4:44  Drone, Spore Crawler  
  57  4:45  Drone  
  58  4:49  Overlord  
  58  4:50  Drone  
  59  4:56  Overlord  
  59  4:57  Zergling x4  
  60  5:00  Drone x2  
  60  5:01  Drone  
  60  5:03  Drone  
  60  5:06  Drone x2  
  66  5:08  Zerg Melee Weapons Level 1  
  66  5:13  Drone  
  70  5:14  Drone x3  
  70  5:19  Drone x4  
  70  5:21  Drone  
  74  5:26  Drone x2  
  74  5:31  Drone x4, Baneling Nest  
  74  5:33  Extractor x2  
  74  5:36  Zergling x2  
  74  5:38  Hatchery  
  74  5:43  Zergling x4  
  74  5:46  Drone  
  74  5:47  Drone  
  74  5:48  Extractor  
  77  5:56  Spore Crawler, Zergling x2  
  77  5:57  Zergling x2  
  78  5:59  Drone  
  78  6:00  Hatchery, Drone, Overlord  
  78  6:01  Lair  
  79  6:05  Zergling x8  
  83  6:13  Overlord  
  83  6:15  Overlord  
  83  6:17  Overlord  
  83  6:22  Zergling x10  
  83  6:24  Baneling x4  
  85  6:26  Baneling x2  
  85  6:27  Baneling x2, Zergling x8  
  85  6:28  Baneling  
  85  6:30  Zergling x4  
  91  6:33  Zergling x2  
  91  6:34  Zergling x6  
  91  6:37  Zergling x2  
  91  6:38  Zergling x4  
  99  6:40  Zergling x2  
  99  6:42  Zergling x2  
  100  6:47  Queen  
  100  6:50  Overlord x2  
  100  6:58  Drone x8  
  100  7:00  Drone x2  
  104  7:05  Zergling x2  
  104  7:06  Zergling x4  
  105  7:09  Hydralisk Den  
  105  7:13  Zerg Melee Weapons Level 2  
  104  7:15  Centrifugal Hooks  
  104  7:16  Drone  
  104  7:17  Drone  
  104  7:22  Drone x5  
  108  7:23  Zergling x2  
  108  7:26  Zergling x6  
  108  7:33  Zergling x16  
  109  7:37  Zergling x10  
  109  7:40  Muscular Augments  
  109  7:44  Zergling x6  
  109  7:51  Zergling x10  
  116  7:54  Extractor  
  116  7:57  Hydralisk x6  
  125  7:58  Zergling x2  
  125  8:04  Hydralisk x4  
  133  8:07  Drone x3  
  133  8:10  Hydralisk  
  133  8:11  Zergling x4  
  140  8:14  Overlord  
  140  8:15  Overlord  
  140  8:16  Overlord  
  140  8:18  Overlord  
  139  8:21  Overlord  
  139  8:24  Overlord  
  139  8:25  Baneling x8  
  139  8:26  Zergling x2  
  140  8:30  Overlord  
  140  8:33  Zergling x12  
  146  8:37  Zergling x8  
  146  8:38  Baneling x2  
  146  8:39  Baneling x4  
  150  8:48  Zergling x18  
  156  8:51  Zergling x10  
  156  8:54  Zergling x6  
  156  8:55  Baneling x2  
  160  8:57  Zergling x6  
  160  9:00  Zergling x6  
  166  9:05  Zergling x8  
  166  9:06  Baneling x3  
  166  9:11  Zergling x12  
  166  9:13  Zergling x2  
  163  9:18  Zergling x6  
  163  9:22  Zergling x16  
  166  9:24  Zergling x4  
Show
View Real Time Build Order
Export as new Build Order

LetaleX Protoss 

Build Orders: Oracle Opening 

Get SALT Encoding   

  8  0:00  Probe (Chrono Boost)  
  9  0:12  Probe (Chrono Boost)  
  10  0:20  Probe (Chrono Boost)  
  11  0:26  Probe  
  12  0:34  Pylon  
  12  0:39  Probe  
  13  0:52  Probe  
  14  0:58  Gateway  
  15  1:04  Probe (Chrono Boost)  
  15  1:11  Assimilator  
  15  1:16  Probe (Chrono Boost)  
  16  1:22  Probe (Chrono Boost)  
  17  1:30  Probe  
  19  1:51  Nexus  
  18  2:03  Cybernetics Core  
  18  2:06  Probe  
  19  2:10  Assimilator  
  19  2:18  Probe  
  19  2:21  Pylon  
  20  2:30  Probe  
  20  2:36  Adept (Chrono Boost)  
  21  2:42  Probe  
  24  2:49  Stargate  
  24  2:54  Probe  
  25  2:58  Warp Gate  
  25  3:02  Adept (Chrono Boost)  
  25  3:03  Probe  
  26  3:06  Probe  
  29  3:15  Probe  
  29  3:18  Probe  
  31  3:27  Probe  
  31  3:30  Probe  
  33  3:36  Oracle (Chrono Boost)  
  33  3:39  Probe  
  36  3:42  Probe  
  37  3:51  Probe  
  37  3:54  Probe  
  39  3:56  Pylon  
  39  4:03  Probe  
  39  4:08  Probe  
  41  4:11  Pylon  
  41  4:14  Oracle  
  44  4:17  Probe  
  44  4:18  Gateway  
  45  4:27  Probe, Twilight Council  
  45  4:30  Probe  
  47  4:40  Nexus  
  48  4:49  Gateway  
  48  4:52  Gateway  
  47  4:53  Probe  
  47  4:58  Resonating Glaives (Chrono Boost), Probe  
  47  4:59  Adept  
  49  5:05  Probe  
  52  5:08  Adept  
  52  5:10  Probe  
  55  5:15  Pylon  
  55  5:17  Probe  
  56  5:22  Probe  
  56  5:25  Adept  
  54  5:32  Adept  
  54  5:33  Probe  
  54  5:34  Probe  
  58  5:42  Pylon  
  58  5:49  Pylon, Assimilator  
  58  5:51  Assimilator  
  58  5:52  Probe x2  
  58  5:53  Probe  
  58  5:54  Adept x2  
  65  6:04  Probe x2  
  65  6:07  Adept x2  
  65  6:08  Probe  
  65  6:09  Pylon  
  72  6:16  Probe x2  
  72  6:17  Adept x2  
  78  6:20  Probe  
  79  6:28  Probe x2  
  79  6:31  Robotics Facility  
  79  6:32  Probe  
  82  6:33  Robotics Facility  
  82  6:40  Probe  
  82  6:42  Pylon  
  82  6:45  Probe  
  84  6:58  Probe  
  84  7:00  Adept x3  
  84  7:01  Adept, Probe  
  83  7:02  Shield Battery  
  83  7:04  Probe, Pylon  
  75  7:09  Gateway  
  75  7:10  Probe, Gateway  
  75  7:11  Assimilator  
  75  7:13  Assimilator, Probe  
  75  7:15  Immortal (Chrono Boost)  
  77  7:16  Probe  
  82  7:23  Adept x2  
  82  7:24  Adept  
  82  7:29  Sentry  
  79  7:36  Adept  
  75  7:37  Probe  
  75  7:39  Immortal (Chrono Boost)  
  76  7:47  Adept x3  
  77  7:56  Probe  
  78  7:59  Sentry  
  78  8:08  Immortal (Chrono Boost)  
  78  8:10  Sentry x2  
  78  8:11  Immortal (Chrono Boost), Sentry  
  90  8:25  Probe  
  89  8:27  Adept x2  
  89  8:32  Sentry  
  89  8:33  Adept  
  97  8:34  Sentry  
  97  8:36  Probe  
  97  8:40  Warp Prism (Chrono Boost)  
  102  8:52  Adept x3  
  99  9:01  Adept x2  
  103  9:05  Pylon  
  103  9:07  Pylon  
  103  9:08  Pylon  
  103  9:13  Adept  
  77  9:22  Adept x3  
Tags
 
Add a new tag
Caveats
  • Supply blocks, unpowered buildings, or Contaminate may cause inaccurate times.
  • Supply counts are checked every 10 seconds.